 Dungeon Crawl Stone Soup version 0.19-a0-519-gb6a5606 (webtiles) character file.

70 Ordine the Magician (level 4, -1/24 HPs)
             Began as a Deep Elf Wizard on June 4, 2016.
             Slain by an iguana (8 damage)
             ... on level 3 of the Dungeon on June 7, 2016.
             The game lasted 00:09:08 (2219 turns).

Ordine the Magician (Deep Elf Wizard)               Turns: 2219, Time: 00:09:09

Health: -1/24      AC:  4    Str:  4    XL:     4   Next: 3%
Magic:  0/13       EV: 13    Int: 24    God:
Gold:   103        SH:  0    Dex: 13    Spells: 5 memorised, 3 levels left

rFire  . . .     SeeInvis .     i - +4 dagger
rCold  . . .     Gourm    .     a - +0 robe
rNeg   . . .     Faith    .     (no shield)
rPois  .         Spirit   .     b - +0 hat
rElec  .         Dismiss  .     e - +0 cloak
rCorr  .         Reflect  .     j - +0 pair of gloves
SustAt .         Harm     .     (no boots)
MR     .....                    (no amulet)
Stlth  ++........               (no ring)
                                (no ring)

@: not resistant to hostile enchantments, unstealthy
A: no striking features
a: no special abilities


You were on level 3 of the Dungeon.
You were not hungry.

You visited 1 branch of the dungeon, and saw 3 of its levels.

You collected 103 gold pieces.

Inventory:

Hand Weapons
 i - a +4 dagger (weapon)
Armour
 a - a +0 robe (worn)
 b - a +0 hat (worn)
 e - a +0 cloak (worn)
 j - a +0 pair of gloves (worn)
Potions
 f - a potion of resistance {unknown}
 h - a potion of ambrosia
Books
 c - a book of Minor Magic

   Spells                             Type                      Level
   a - Magic Dart                     Conjuration                  1
   b - Blink                          Translocation                2
   c - Call Imp                       Summoning                    2
   d - Repel Missiles                 Charms/Air                   2
   e - Slow                           Hexes                        2
   f - Conjure Flame                  Conjuration/Fire             3
   g - Mephitic Cloud                 Conjuration/Poison/Air       3
Comestibles
 d - 2 bread rations


   Skills:
 - Level 2.4 Dodging
 - Level 2.4 Stealth
 * Level 5.6 Spellcasting
 + Level 2.5 Conjurations
 + Level 0.4 Charms
   Level 1.1 Summonings
 - Level 2.0 Translocations
 + Level 0.0 Fire Magic
 + Level 0.0 Air Magic


You had 3 spell levels left.
You knew the following spells:

 Your Spells              Type           Power        Failure   Level  Hunger
a - Magic Dart            Conj           ###.         3%          1    None
b - Blink                 Tloc           N/A          8%          2    None
c - Conjure Flame         Conj/Fire      ##......     17%         3    #......
d - Mephitic Cloud        Conj/Pois/Air  ##......     21%         3    #......
e - Repel Missiles        Chrm/Air       #.....       12%         2    None


Dungeon Overview and Level Annotations

Branches:
Dungeon (3/15)

Altars:
Cheibriados
Uskayaw


Message History

The iguana bites you!
Your magical contamination has completely faded away.
Casting: Magic Dart
Confirm with . or Enter, or press ? or * to list all spells.
Aiming: Magic Dart
Press: ? - help, Shift-Dir - straight line, f/p - iguana
Aim: an iguana (almost dead)
The magic dart hits the iguana.
The iguana is almost dead.
The iguana bites you!
* * * LOW HITPOINT WARNING * * *
Casting: Magic Dart
Confirm with . or Enter, or press ? or * to list all spells.
Aiming: Magic Dart
Press: ? - help, Shift-Dir - straight line, f/p - iguana
Aim: an iguana (almost dead)
The magic dart hits the iguana.
The iguana is almost dead.
The iguana bites you!
You die...

#.# #.#.#........
#.###.#.######...
#............#
############.#
#.........#.#
#.#######.#.# #.#
#.#.# #.# #)#l#
#.# #.#@# #<#
#.#.# #.# ###'#.#
#.# #.....# #.#
#.....# #.#
#.....# #.#
#.....# #.#
###+#.# #.# #..<#


You could see an iguana.

Vanquished Creatures
  An adder (D:3)
  3 dart slugs
  5 giant cockroaches
  6 hobgoblins
  2 jackals (D:2)
  A quokka (D:2)
  5 bats
  5 giant newts
  8 goblins
  9 kobolds
  6 rats
51 creatures vanquished.

Notes
Turn   | Place    | Note
--------------------------------------------------------------
     0 | D:1      | Ordine the Deep Elf Wizard began the quest for the Orb.
     0 | D:1      | Reached XP level 1. HP: 10/10 MP: 7/7
   195 | D:1      | Reached XP level 2. HP: 5/15 MP: 0/9
   383 | D:1      | Learned a level 2 spell: Blink
   383 | D:1      | Upgraded the game from 0.19-a0-473-g3ac10ee to 0.19-a0-519-gb6a5606
   409 | D:1      | Reached skill level 5 in Spellcasting
  1004 | D:2      | Reached XP level 3. HP: 17/19 MP: 0/11
  1180 | D:2      | Learned a level 3 spell: Conjure Flame
  1184 | D:2      | Learned a level 3 spell: Mephitic Cloud
  1187 | D:2      | Learned a level 2 spell: Repel Missiles
  1721 | D:2      | Noticed a dagger
  1724 | D:2      | Found a hide-covered altar of Uskayaw.
  1725 | D:2      | Noticed a dagger
  1941 | D:3      | Found a snail-covered altar of Cheibriados.
  2116 | D:3      | Reached XP level 4. HP: 24/24 MP: 10/13
  2219 | D:3      | Slain by an iguana

Vault maps used:
D:1:      nicolae_arrival_memento_mori
D:2:      dancing_weapons_uskayaw
D:3:      okawaru_trees_1, lemuel_crystal_altar, minitemple, first_bread

Skill      XL: |  1  2  3 |
---------------+----------+-----
Spellcasting   | 5 |  5.6
Conjurations   | 2 |  2.5
Translocations | 2 |  2.0
Dodging        | |  2.4
Stealth        | |  2.4
Charms         | |  0.4
Summonings     | |  1.1

Action                   |  1- 3 |  4- 6 || total
-------------------------+-------+-------++-------
Melee: Dagger            |    17 |       ||    17
 Cast: Magic Dart        |   107 |    17 ||   124
       Repel Missiles    |     1 |       ||     1
       Conjure Flame     |       |     2 ||     2
  Use: Scroll            |     5 |       ||     5
  Eat: Chunk             |     3 |     1 ||     4
Armor: Robe              |     1 |       ||     1
Dodge: Dodged            |    17 |     2 ||    19
       Deflected         |     1 |       ||     1
